 Dungeon Crawl Stone Soup version 0.28-a0-948-gee6e0bcda6 (webtiles) character file.

Game seed: 15919178952922025686

0 Gargoyl the Skirmisher (level 1, -8/23 HPs)
             Began as a Gnoll Abyssal Knight on Nov 30, 2021.
             Was a Follower of Lugonu.
             Mangled by a raiju (9 damage)
             ... on level 1 of the Abyss.
             The game lasted 00:00:11 (74 turns).

Gargoyl the Skirmisher (Gnoll Abyssal Knight)         Turns: 74, Time: 00:00:11

Health: -8/23      AC:  3    Str: 12    XL:     1   Next: 0%
Magic:  3/3        EV: 12    Int:  9    God:    Lugonu [*.....]
Gold:   6          SH:  0    Dex: 12    Spells: 0/0 levels left

rFire   . . .      SeeInvis .   a - +1 hand axe
rCold   . . .      Faith    .   (no shield)
rNeg    . . .      Spirit   .   b - +0 leather armour
rPois   .          Reflect  .   (no helmet)
rElec   .          Harm     .   (no cloak)
rCorr   .          Rampage  .   (no gloves)
Will    .....                   (no boots)
Stlth   +.........              (no amulet)
HPRegen 0.07/turn               (no ring)
MPRegen 0.08/turn               (no ring)

@: no status effects
A: fangs 1, strong nose, distributed training
a: Renounce Religion, Depart the Abyss


You were on level 1 of the Abyss.
You worshipped Lugonu.
Lugonu was aware of your devotion.
You visited 0 branches of the dungeon, and saw 0 of its levels.
You visited the Abyss 1 time.

You collected 6 gold pieces.

Inventory:

Hand Weapons
 a - a +1 hand axe (weapon)
Armour
 b - a +0 leather armour (worn)


   Skills:
 + Level 6.4 Fighting
 + Level 0.0 Short Blades
 + Level 0.0 Long Blades
 + Level 4.4 Axes
 + Level 0.0 Maces & Flails
 + Level 0.0 Polearms
 + Level 0.0 Staves
 + Level 0.0 Slings
 + Level 0.0 Bows
 + Level 0.0 Crossbows
 + Level 0.0 Throwing
 + Level 4.4 Armour
 + Level 2.3 Dodging
 + Level 0.0 Stealth
 + Level 0.0 Shields
 + Level 0.0 Unarmed Combat
 + Level 0.0 Spellcasting
 + Level 0.0 Conjurations
 + Level 0.0 Hexes
 + Level 0.0 Summonings
 + Level 0.0 Necromancy
 + Level 0.0 Translocations
 + Level 0.0 Transmutations
 + Level 0.0 Fire Magic
 + Level 0.0 Ice Magic
 + Level 0.0 Air Magic
 + Level 0.0 Earth Magic
 + Level 0.0 Poison Magic
 + Level 4.4 Invocations
 + Level 0.0 Evocations


You couldn't memorise any spells.
You didn't know any spells.
Your spell library was empty.

Dungeon Overview and Level Annotations

Branches:
Dungeon (0/15)

Altars:


Innate Abilities, Weirdness & Mutations

You have very sharp teeth.
Your uncanny sense of smell can sniff out nearby items.
Your experience applies equally to all skills.


Message History

Welcome, Gargoyl the Gnoll Abyssal Knight.
Will you be the one to retrieve the sublime Orb of Zot from the depths?
Lugonu says: Depart the Abyss and spread corruption, my servant! (use the ability menu to exit the Abyss) Press ? for a list of commands and other information.
Found a corrupted altar of Lugonu.
Found a corrupted altar of Lugonu.
Unknown command.
Found a gateway leading out of the Abyss.
There is a corrupted altar of Lugonu here.
You now have 6 gold pieces.
Found 24 arrows.
A wizard comes into view. It is wielding a +0 dagger.
A raiju comes into view.
The raiju barks!
A lurking horror comes into view.
The raiju bursts into living lightning!
The living lightning hits you!
The raiju blinks!
The raiju pauses to sniff the ground.
The raiju barely misses you. The raiju closely misses you.
The raiju bursts into living lightning!
The living lightning misses you.
The raiju blinks! x2
Unknown command.
The raiju closely misses you.
The raiju bursts into living lightning!
The living lightning hits you!
Ouch! That really hurt!
* * * LOW HITPOINT WARNING * * *
The raiju blinks!
Unknown command.
You feel a surge of unholy energy.
The raiju convulses!
The raiju bites you!
You die...

∆ ### ##.# #.h#
#.@## . ## #.#.#
..# .####..##.
#..#..#.####..#
##........#...#
. .##...# # .# .
*...#..#..#
..###......#....
#.......#.#.


You could see a raiju.

Vanquished Creatures (others)
  A lurking horror (Abyss:1)
1 creature vanquished.

Notes
Turn   | Place    | Note
-------+----------+-------------------------------------------
     0 | Abyss:1  | Gargoyl the Gnoll Abyssal Knight began the quest for the
                  | Orb.
     0 | Abyss:1  | Reached XP level 1. HP: 23/23 MP: 3/3
     0 | Abyss:1  | Found a corrupted altar of Lugonu.
    51 | Abyss:1  | Noticed a wizard
    61 | Abyss:1  | Noticed a raiju
    73 | Abyss:1  | HP: 1/23 [raiju/living lightning (14)]
    74 | Abyss:1  | Mangled by a raiju

Illustrated notes

Levels and vault maps discovered:
Abyss:1:  base: Temple, base:
Temple

Action                   || total
-------------------------++-------
Dodge: Dodged            ||     4

Table legend: (Time is in decaauts)
 A = Elapsed time spent in this place.
 B = Non-inter-level travel time spent in this place.
 C = Inter-level travel time spent in this place.
 D = Time resting spent in this place.
 E = Time spent auto-exploring this place.
 F = Levels seen in this place.
 G = Mean time per level.
                   A        B        C        D        E       F      G
               +--------+--------+--------+--------+--------+-----+--------+
         Total |     74 |     74 |      0 |      0 |     48 |   1 |   74.0 |
         Abyss |     74 |     74 |      0 |      0 |     48 |   1 |   74.0 |
               +--------+--------+--------+--------+--------+-----+--------+

Top non-repeatable levels by time:
 Abyss:1: 74 daAuts
